 Dungeon Crawl Stone Soup version 0.27-a0-1006-g1fd4cec11e (webtiles) character file.

Game seed: 15615561510867862258

17 siradein the Skirmisher (level 2, -3/26 HPs)
             Began as a Ghoul Fighter on Apr 17, 2021.
             Slain by a gnoll
             ... wielding a +0 halberd
              (7 damage)
             ... on level 2 of the Dungeon.
             The game lasted 00:01:42 (620 turns).

siradein the Skirmisher (Ghoul Fighter)              Turns: 620, Time: 00:01:44

Health: -3/26      AC:  6    Str: 19    XL:     2   Next: 62%
Magic:  1/1        EV:  7    Int:  3    God:
Gold:   45         SH:  9    Dex:  8    Spells: 1/1 levels left

rFire    . . .     SeeInvis .   a - +0 long sword
rCold    + . .     Faith    .   c - +1 kite shield
rNeg     + + +     Spirit   .   b - +0 scale mail
rPois    ∞         Reflect  .   (no helmet)
rElec    .         Harm     .   (no cloak)
rCorr    +         Rampage  .   (no gloves)
Will     .....                  (no boots)
Stlth    ..........             (no amulet)
HPRegen  0.00/turn              i - ring of resist corrosion
MPRegen  0.07/turn              (no ring)

@: no status effects
A: claws 1, cold resistance 1, negative energy resistance 3, inhibited
regeneration, torment resistance 2, unbreathing 1
a: no special abilities


You were on level 2 of the Dungeon.
You visited 1 branch of the dungeon, and saw 2 of its levels.

You collected 45 gold pieces.

Inventory:

Hand Weapons
 a - a +0 long sword (weapon)
Armour
 b - a +0 scale mail (worn)
 c - a +1 kite shield (worn)
Jewellery
 i - a ring of resist corrosion (left claw)
Scrolls
 e - a scroll of enchant armour
 f - a scroll of teleportation {unknown}
 j - a scroll of noise {unknown}
 k - a scroll of brand weapon {unknown}
 l - a scroll of enchant weapon {unknown}
Potions
 d - 2 potions of might
 g - a potion of curing {unknown}
 h - 2 potions of haste {unknown}


   Skills:
 - Level 3.2 Fighting
 + Level 2.8 Long Blades
 - Level 2.6 Armour
 - Level 2.6 Shields


You had one spell level left.
You didn't know any spells.
Your spell library was empty.

Dungeon Overview and Level Annotations

Branches:
Dungeon (2/15)

Altars:


Innate Abilities, Weirdness & Mutations

You thrive by killing the living.
You are immune to poison.
You have sharp fingernails.
Your flesh is cold resistant. (rC+)
You are immune to negative energy. (rN+++)
You do not regenerate when monsters are visible.
You are immune to unholy pain and torment.
You can survive without breathing.


Message History

The gnoll moves out of view.
There are monsters nearby!
There are no items here.
There are no items here.
There are no items here.
There are no items here.
You hit the gnoll but do no damage. You block the gnoll's attack.
You hit the gnoll.
The gnoll is lightly wounded.
You block the gnoll's attack.
The gnoll hits you from afar with a +0 halberd!
You block the gnoll's attack.
You hit the gnoll but do no damage.
The gnoll is lightly wounded.
The gnoll hits you but does no damage. The gnoll barely misses you.
You block the gnoll's attack. x3
You barely miss the gnoll.
The gnoll is lightly wounded.
The gnoll barely misses you. The gnoll closely misses you.
You block the gnoll's attack.
You hit the gnoll.
The gnoll is heavily wounded.
The gnoll hits you with a +0 club. You block the gnoll's attack. x2
The gnoll hits you with a +0 club.
The gnoll hits you from afar with a +0 halberd.
The gnoll hits you from afar with a +0 spear.
* * * LOW HITPOINT WARNING * * *
You hit the gnoll.
The gnoll is almost dead.
An endoplasm comes into view.
The gnoll hits you with a +0 club.
* * * LOW HITPOINT WARNING * * *
You block the gnoll's attack. The gnoll completely misses you.
You closely miss the gnoll.
The gnoll is almost dead.
The endoplasm quivers.
You block the gnoll's attack. The gnoll closely misses you.
You block the gnoll's attack. The gnoll closely misses you.
The gnoll hits you from afar with a +0 halberd!
You die...

...# ##.### ##.#..
##.#.# ### #######
##.#.# #.. .....#
...#.#####.##.####....#
##.........##.#.##....#
##.#.########.#.##g...#
##.#........#.#.@gg.J.#
##..##.####.#.#.####...#
##..............####.#.#
###.##......##......gg.+
....###....###.#####...#
###.. ##..###.......g...
. ..( #####.............
# #.. #......###<###.# #
#... #......#


You could see 3 gnolls and an endoplasm.

Vanquished Creatures
  A dart slug (D:1)
  2 bats (D:1)
  An endoplasm (D:1)
  3 goblins (D:1)
  A kobold (D:1)
  2 quokkas (D:1)
  2 frilled lizards (D:1)
  A rat (D:1)
13 creatures vanquished.

Notes
Turn   | Place    | Note
-------+----------+-------------------------------------------
     0 | D:1      | siradein the Ghoul Fighter began the quest for the Orb.
     0 | D:1      | Reached XP level 1. HP: 19/19 MP: 0/0
   109 | D:1      | Found a faded altar of an unknown god.
   135 | D:1      | Reached XP level 2. HP: 26/26 MP: 1/1
   620 | D:2      | Slain by a gnoll

Illustrated notes

Levels and vault maps discovered:
D:1:      dpeg_arrival_ternary, layout_rooms, basic_ecumenical_altar,
          chequers_garden, st_stairs_11, nrook_mini_vaults,
          minmay_misc_feat_hallway
D:2:      minmay_spotlight, layout_basic, minmay_splitting_lines,
          serial_bayou_pond_e, minivault_19, minmay_ruptured,
          uniq_crazy_yiuf_cottage, uniq_jessica

Skill      XL: |  1 |
---------------+----+-----
Long Blades    | 2 |  2.8
Fighting       | |  3.2
Armour         | |  2.6
Shields        | |  2.6

Action                   || total
-------------------------++-------
Melee: Long sword        ||    50
  Use: Scroll            ||     1
Armor: Scale mail        ||    27
Dodge: Dodged            ||    20
Block: Kite shield       ||    29
       Rpst.: Long sword ||     5

Table legend: (Time is in decaauts)
 A = Elapsed time spent in this place.
 B = Non-inter-level travel time spent in this place.
 C = Inter-level travel time spent in this place.
 D = Time resting spent in this place.
 E = Time spent auto-exploring this place.
 F = Levels seen in this place.
 G = Mean time per level.
                   A        B        C        D        E       F      G
               +--------+--------+--------+--------+--------+-----+--------+
         Total |    644 |    623 |     21 |      0 |    483 |   2 |  322.0 |
       Dungeon |    644 |    623 |     21 |      0 |    483 |   2 |  322.0 |
               +--------+--------+--------+--------+--------+-----+--------+

Top non-repeatable levels by time:
     D:1: 581 daAuts
     D:2: 62 daAuts
